 Dungeon Crawl Stone Soup version 0.30-a0-263-ge22c4ad894 (webtiles) character file.

Game seed: 14748244919548218234

63 Iusername the Trooper (level 3, 0/34 HPs)
             Began as a Minotaur Fighter on Oct 13, 2022.
             Slain by a gnoll
             ... wielding a +1 spear of freezing
              (2 damage)
             ... on level 2 of the Dungeon.
             The game lasted 00:01:36 (955 turns).

Iusername the Trooper (Minotaur Fighter)             Turns: 955, Time: 00:01:36

Health: 0/34       AC: 11    Str: 22    XL:     3   Next: 87%
Magic:  2/2        EV:  6    Int:  5    God:
Gold:   51         SH:  4    Dex:  9    Spells: 2/2 levels left

rFire   . . .      SeeInvis .    a - +0 war axe
rCold   . . .      Faith    .    c - +0 buckler
rNeg    . . .      Spirit   .    g - +0 plate armour
rPois   .          Reflect  .    (helmet restricted)
rElec   .          Harm     .    (no cloak)
rCorr   .          Rampage  .    (no gloves)
Will    .....                    (no boots)
Stlth   ..........               (no amulet)
HPRegen 0.25/turn                (no ring)
MPRegen 0.08/turn                (no ring)

@: no status effects
A: horns 2, retaliatory headbutt
a: no special abilities


You were on level 2 of the Dungeon.
You visited 1 branch of the dungeon, and saw 2 of its levels.

You collected 51 gold pieces.

Inventory:

Hand Weapons
 a - a +0 war axe (weapon)
Armour
 b - a +0 scale mail
 c - a +0 buckler (worn)
 g - a +0 plate armour (worn)
Scrolls
 e - a scroll of vulnerability
 f - a scroll of butterflies {unknown}
 i - a scroll of immolation {unknown}
 k - a scroll of acquirement {unknown}
Potions
 d - a potion of might
 h - a potion of lignification {unknown}
 j - a potion of curing {unknown}
 l - a potion of flight {unknown}


   Skills:
 + Level 4.3 Fighting
 + Level 3.2 Axes
 + Level 4.2 Armour
 + Level 4.3 Shields


You had 2 spell levels left.
You didn't know any spells.
Your spell library was empty.

Dungeon Overview and Level Annotations

Branches:
Dungeon (2/15)

Altars:


Innate Abilities, Weirdness & Mutations

You have a pair of horns on your head.
You reflexively headbutt those who attack you in melee.


Message History

The gnoll barely misses you. The gnoll hits you but does no damage.
The gnoll hits you with a +0 spear. The gnoll hits you but does no damage.
There are monsters nearby!
You hit the gnoll.
The gnoll is heavily wounded.
You barely miss the gnoll. You block the gnoll's attack.
The gnoll hits you but does no damage.
There are monsters nearby!
You closely miss the gnoll.
You headbutt the gnoll, but do no damage.
The gnoll is heavily wounded.
You barely miss the gnoll. The gnoll hits you with a +0 spear.
The gnoll hits you but does no damage.
There are monsters nearby!
You completely miss the gnoll. You headbutt the gnoll!
You kill the gnoll!
You hit the gnoll.
The gnoll hits you with a +1 spear of freezing.
The gnoll freezes you.
The gnoll hits you with a +1 spear of freezing.
The gnoll freezes you.
* * * LOW HITPOINT WARNING * * *
You hit the gnoll but do no damage.
The gnoll is moderately wounded.
The gnoll hits you with a +1 spear of freezing.
* * * LOW HITPOINT WARNING * * *
The gnoll freezes you.
* * * LOW HITPOINT WARNING * * *
You hit the gnoll. Your headbutt misses the gnoll.
The gnoll is heavily wounded.
The gnoll hits you but does no damage.
You barely miss the gnoll.
You headbutt the gnoll, but do no damage.
The gnoll is heavily wounded.
The gnoll hits you with a +1 spear of freezing.
* * * LOW HITPOINT WARNING * * *
The gnoll freezes you.
* * * LOW HITPOINT WARNING * * *
The gnoll hits you with a +1 spear of freezing.
You die...

. # ... #.##+##
.... #......
####?.... #......
#..' ....
#....)##.##.....
#....g@.......#
#..>...#)####.# .#
#......#.####.# .#
######.#......##.#
#.###.......# #.#
#.......# #.#
#.......+ . #.#
#.......# ..
###..).###+#..


You could see a gnoll.

Vanquished Creatures
  3 gnolls (D:2)
  2 dart slugs (D:1)
  5 endoplasms
  A goblin (D:2)
  2 hobgoblins (D:1)
  4 jackals (D:2)
  2 kobolds (D:1)
  5 ball pythons
  2 frilled lizards (D:1)
  3 rats
29 creatures vanquished.

Notes
Turn   | Place    | Note
-------+----------+-------------------------------------------
     0 | D:1      | Iusername the Minotaur Fighter began the quest for the Orb.
     0 | D:1      | Reached XP level 1. HP: 19/19 MP: 0/0
   247 | D:1      | Reached XP level 2. HP: 24/27 MP: 1/1
   875 | D:2      | Reached XP level 3. HP: 29/33 MP: 2/2
   955 | D:2      | Slain by a gnoll

Illustrated notes

Levels and vault maps discovered:
D:1:      psy_arrival_conway, layout_basic
D:2:      layout_basic

Skill      XL: |  1  2 |
---------------+-------+-----
Fighting       | 4 |  4.3
Shields        | 4 |  4.3
Armour         | 4 |  4.2
Axes           | 3 |  3.2

Action                   || total
-------------------------++-------
Melee: War axe           ||    68
       Headbutt          ||     6
  Use: Scroll            ||     1
Armor: Scale mail        ||     8
       Plate armour      ||    34
Dodge: Dodged            ||    24
Block: Buckler           ||    14

Table legend: (Time is in decaauts)
 A = Elapsed time spent in this place.
 B = Non-inter-level travel time spent in this place.
 C = Inter-level travel time spent in this place.
 D = Time resting spent in this place.
 E = Time spent auto-exploring this place.
 F = Levels seen in this place.
 G = Mean time per level.
                   A        B        C        D        E       F      G
               +--------+--------+--------+--------+--------+-----+--------+
         Total |    986 |    899 |     87 |      0 |    687 |   2 |  493.0 |
       Dungeon |    986 |    899 |     87 |      0 |    687 |   2 |  493.0 |
               +--------+--------+--------+--------+--------+-----+--------+

Top non-repeatable levels by time:
     D:1: 884 daAuts
     D:2: 101 daAuts
